 Dungeon Sprint DCSS version 0.30-a0-808-g6e0788376e (webtiles) character file.

Game seed: 9960839227901696928

28112 rocky1 the Stormcaller (level 13, -6/83 HPs)
             Began as a Tengu Air Elementalist on Feb 26, 2023.
             Was an Elder of Sif Muna.
             Mangled by Donald
             ... wielding a +4 eveningstar of freezing
              (16 damage)
             ... in the Dungeon (Sprint IX: "|||||||||||||||||||||||||||||").
             The game lasted 00:27:19 (4982 turns).

rocky1 the Stormcaller (Tengu Air Elementalist)     Turns: 4982, Time: 00:27:19

Health: -6/83      AC: 11    Str:  8    XL:     13   Next: 36%
Magic:  29/29      EV: 21    Int: 23    God:    Sif Muna [****..]
Gold:   1055       SH:  6    Dex: 16    Spells: 2/35 levels left

rFire   . . .      SeeInvis .    k - +8 Vampire's Tooth {megavamp}
rCold   . . .      Faith    .    e - +0 buckler
rNeg    . . .      Spirit   .    x - +0 troll leather armour
rPois   .          Reflect  .    u - +0 hat
rElec   .          Harm     .    w - +0 cloak
rCorr   .          Rampage  .    G - +1 pair of gloves
Will    .....      NoTele   +    (boots unavailable)
Stlth   +++++                    (no amulet)
HPRegen 1.13/turn                p - +2 ring of protection
MPRegen 0.21/turn                o - +3 ring of intelligence

@: swift, flying quickly and evasively, very quick
A: beak, talons 3, nimble flight
a: Renounce Religion, Channel Magic, Forget Spell, Divine Exegesis


You were in the Dungeon.
You worshipped Sif Muna.
Sif Muna was greatly pleased with you.
You visited 1 branch You collected 1949 gold pieces.
You spent 894 gold pieces at shops.

Inventory:

Hand Weapons
 g - a +6 scimitar of flaming
 k - the +8 Vampire's Tooth (weapon) {megavamp}
   (You found it in the Dungeon)
 l - a +2 scimitar of holy wrath
 y - a +3 heavy long sword
 E - the +6 falchion "Buoduore" {heavy, rF+ Str+2}
   (You found it in the Dungeon)

   Str:       It affects your strength (+2).
   rF:        It protects you from fire.
 F - a +0 rapier of holy wrath
Missiles
 v - 5 curare-tipped darts
Armour
 a - a +1 leather armour of fire resistance
 e - a +0 buckler (worn)
 n - a +2 ring mail
 r - +0 steam dragon scales
 u - a +0 hat (worn)
 w - a +0 cloak (worn)
 x - a +0 troll leather armour (worn)
 G - a +1 pair of gloves (worn)
Jewellery
 o - a +3 ring of intelligence (right hand)
 p - a +2 ring of protection (left hand)
 q - a ring of see invisible
 B - a ring of protection from fire
 C - a ring of willpower
 D - a ring of fire
Wands
 j - a wand of digging (5)
Scrolls
 f - a scroll of enchant armour
 s - 7 scrolls of blinking
 t - 2 scrolls of fog
Potions
 b - 6 potions of magic
 c - 12 potions of curing
 z - a potion of cancellation
 A - 2 potions of brilliance


   Skills:
 - Level 10.4 Fighting
 - Level 11.4 Short Blades
 - Level 8.3 Armour
 - Level 12.6 Dodging
 + Level 13.3 Stealth
 - Level 7.4 Shields
 + Level 11.9 Spellcasting
 + Level 15.6 Conjurations
 - Level 4.8 Translocations
 - Level 4.8 Transmutations
 + Level 0.0 Fire Magic
 + Level 17.6 Air Magic
 + Level 10.8 Invocations


You had 2 spell levels left.
You knew the following spells:

 Your Spells              Type           Power      Damage    Failure   Level
a - Shock                 Conj/Air       100%       1d9       0%          1
b - Swiftness             Air            76%        N/A       0%          3
c - Starburst             Conj/Fire      24%        6d8       43%         6
d - Blink                 Tloc           72%        N/A       1%          2
e - Storm Form            Tmut/Air       30%        N/A       54%         7
f - Chain Lightning       Conj/Air       37%        3d49      100%        9
g - Lightning Bolt        Conj/Air       37%        1d55      1%          5

Your spell library contained the following spells:

 Spells                   Type           Power      Damage    Failure   Level
 Magic Dart               Conj           100%       1d8       0%          1
 Static Discharge         Conj/Air       100%       2-7/arc   0%          2
 Kiss of Death            Conj/Necr      100%       2d13      1%          1
 Momentum Strike          Conj/Tloc      100%       3d10      1%          2
 Poisonous Vapours        Pois/Air       100%       N/A       1%          2
 Searing Ray              Conj           100%       2d8       1%          2
 Dazzling Flash           Conj/Hex       98%        N/A       1%          3
 Kindle Blastsparks       Fire/Tloc/Air  96%        2d18      1%          3
 Mephitic Cloud           Conj/Pois/Air  59%        N/A       1%          3
 Stone Arrow              Conj/Erth      98%        3d13      1%          3
 Vhi's Electric Charge    Tloc/Air       100%       N/A       1%          3
 Airstrike                Air            38%        2d(6-22)  1%          4
 Summon Lightning Spire   Summ/Air       53%        N/A       1%          4
 Arcjolt                  Conj/Air       37%        1d47      1%          5
 Iskenderun's Battlesphe  Conj           71%        2d12      1%          5
 Conjure Ball Lightning   Conj/Air       37%        3x3d12    1%          6
 Gell's Gravitas          Tloc           36%        N/A       3%          3
 Flame Wave               Conj/Fire      49%        2d12      3%          4
 Sticky Flame             Conj/Fire      49%        2d7       3%          4
 Irradiate                Conj/Tmut      28%        3d21      3%          5
 Silence                  Hex/Air        26%        N/A       6%          5
 Fireball                 Conj/Fire      24%        3d11      9%          5
 Manifold Assault         Tloc           36%        N/A       11%         4
 Passage of Golubria      Tloc           36%        N/A       11%         4
 Orb of Destruction       Conj           35%        9d10      11%         7
 Ignite Poison            Fire/Tmut/Pois 21%        N/A       12%         3
 Summon Guardian Golem    Hex/Summ       13%        N/A       24%         3
 Maxwell's Capacitive Co  Air            38%        ∞         36%         8
 Iron Shot                Conj/Erth      24%        9d5       43%         6
 Summon Forest            Summ/Tloc      12%        N/A       61%         5
 Dispersal                Tloc           18%        N/A       85%         6
 Summon Mana Viper        Hex/Summ       13%        N/A       91%         5
 Spellforged Servitor     Conj/Summ      24%        N/A       95%         7
 Lehudib's Crystal Spear  Conj/Erth      24%        10d7      100%        8
 Fire Storm               Conj/Fire      24%        8d6       100%        9


Dungeon Overview and Level Annotations

Branches:
Dungeon (1/1)

Altars:
Cheibriados
Dithmenos
Elyvilon
Fedhas
Gozag
Hepliaklqana
Kikubaaqudgha
Makhleb
Nemelex Xobeh
Okawaru
Qazlal
Ru
Sif Muna
Trog
Uskayaw
Vehumet
Wu Jian
Xom
Yredelemnul
Zin
The Shining One
Jiyva
Lugonu

Shops:
D (!(*

Annotations:
D Donald


Innate Abilities, Weirdness & Mutations

You have a beak for a mouth.
You have claws for feet.
Your magical nature lets you fly swiftly and evasively.


Message History

You peck Donald, but do no damage.
Donald is lightly wounded.
You hit Donald. Donald blocks your attack.
Donald is lightly wounded.
Casting: Chain Lightning (astonishingly dangerous; 100% risk of failure)
Confirm with . or Enter, or press ? or * to list all spells.
You feel quick.
Donald casts a spell.
Donald seems to speed up.
Donald says, "Man, that must be some big library."
Donald blocks your attack.
You claw Donald, but do no damage.
Donald is lightly wounded.
Donald hits you with a +4 eveningstar of freezing!
Donald freezes you.
Donald gestures wildly while chanting.
Donald seems to grow stronger.
Donald sighs.
Donald attacks as you move away!
Donald hits you with a +4 eveningstar of freezing!!
Donald freezes you!
* * * LOW HITPOINT WARNING * * *
Donald says, "I hope I haven't come all this way for a glorified paperweight."
Donald says, "It's good how you can learn magic as if by magic."
You feel much better. You block Donald's attack.
Okay, then.
Donald blocks your attack. x2; You block Donald's attack.
Donald blocks your attack.
You hit Donald.
You feel better.
You peck Donald, but do no damage.
Donald is lightly wounded.
You puncture Donald! You claw Donald, but do no damage.
Donald is lightly wounded.
Donald closely misses you.
You hit Donald but do no damage. You claw Donald, but do no damage.
Donald is lightly wounded.
You hit Donald but do no damage. You peck Donald, but do no damage.
Donald is lightly wounded.
Donald hits you with a +4 eveningstar of freezing!!!
* * * LOW HITPOINT WARNING * * *
Donald freezes you!
You die...

▓.▓.▓.▓.▓.▓.▓.▓.▓
▓†▓.▓.▓.▓.▓.▓.▓.▓
▓.▓.▓[▓.▓.▓.▓.▓.▓
▓.▓.▓[▓.▓.▓.▓.▓.▓
▓'▓.▓[▓.▓'▓.▓'▓.▓
▓.▓.▓[▓.▓.▓.▓.▓.▓
▓†▓.▓.▓.▓)▓.▓.▓.▓
▓.▓.▓.▓.▓.▓.▓.▓.▓
▓.▓.▓'▓.▓.▓.▓.▓@▓
▓.▓.▓.▓.▓.▓.▓.▓@▓
▓.▓.▓.▓.▓∩▓.▓.▓.▓
▓'▓.▓.▓.▓.▓.▓.▓.▓
▓.▓.▓)▓.▓∩▓.▓.▓.▓
▓.▓.▓.▓.▓.▓.▓.▓.▓
▓)▓.▓.▓.▓∩▓.▓.▓.▓
▓[▓.▓.▓.▓.▓.▓)▓.▓
▓)▓.▓.▓.▓∩▓.▓.▓.▓


You could see Donald (fast, strong, reflecting).

Vanquished Creatures
  Gastronok (D)
  2 stone giants (D)
  A vampire knight (D)
  2 ettins (D)
  A fire dragon (D)
  A rakshasa (D)
  2 centaur warriors (D)
  A catoblepas (D)
  2 ogre magi (D)
  A boulder beetle (D)
  5 death yaks (D)
  A two-headed ogre (D)
  A deep troll earth mage (D)
  Sonja (D)
  An iron troll (D)
  5 deep trolls (D)
  4 orc knights (D)
  A deep elf pyromancer (D)
  2 ugly things (D)
  A manticore (D)
  A cyclops (D)
  Maurice (D)
  4 cane toads (D)
  2 komodo dragons (D)
  An efreet (D)
  A tengu conjurer (D)
  3 trolls (D)
  7 yaks (D)
  3 wyverns (D)
  3 vampire mosquitoes (D)
  Grum (D)
  A steam dragon (D)
  A water moccasin (D)
  A floating eye (D)
  A black bear (shapeshifter) (D)
  5 orc warriors (D)
  2 wolves (D)
  An ogre (D)
  A centaur (D)
  2 bullfrogs (D)
  An orc priest (D)
  2 iguanas (D)
  4 orc wizards (D)
  An adder (D)
  7 orcs (D)
  2 ball pythons (D)
  2 hobgoblins (D)
  A ball python simulacrum (D)
  A bat (D)
99 creatures vanquished.

Vanquished Creatures (collateral kills)
  7 orc warriors (D)
7 creatures vanquished.

Grand Total: 106 creatures vanquished

Notes
Turn   | Place    | Note
-------+----------+-------------------------------------------
     0 | D        | rocky1 the Tengu Air Elementalist began the quest for the
                  | Orb.
     0 | D        | Reached XP level 1. HP: 10/10 MP: 4/4
   264 | D        | Noticed an ogre
   264 | D        | Noticed an iguana
   264 | D        | Noticed an iguana
   267 | D        | Reached skill level 5 in Air Magic
   267 | D        | Reached XP level 2. HP: 15/15 MP: 3/6
   275 | D        | Reached skill level 7 in Air Magic
   275 | D        | Reached XP level 3. HP: 11/19 MP: 3/9
   276 | D        | Reached skill level 8 in Air Magic
   276 | D        | Reached XP level 4. HP: 14/24 MP: 3/11
   277 | D        | Killed an ogre
   278 | D        | Reached skill level 5 in Dodging
   278 | D        | Reached skill level 9 in Air Magic
   278 | D        | Gained mutation: Your magical nature lets you fly swiftly
                  | and evasively. [Tengu growth]
   278 | D        | Reached XP level 5. HP: 17/28 MP: 1/13
   680 | D        | Found a snail-covered altar of Cheibriados.
   680 | D        | Found a shadowy altar of Dithmenos.
   680 | D        | Found a white marble altar of Elyvilon.
   680 | D        | Found a blossoming altar of Fedhas.
   680 | D        | Found an opulent altar of Gozag.
   681 | D        | Found a hazy altar of Hepliaklqana.
   682 | D        | Found a viscous altar of Jiyva.
   683 | D        | Found an ancient bone altar of Kikubaaqudgha.
   684 | D        | Found a corrupted altar of Lugonu.
   685 | D        | Found a burning altar of Makhleb.
   686 | D        | Found a sparkling altar of Nemelex Xobeh.
   687 | D        | Found an iron altar of Okawaru.
   688 | D        | Found a stormy altar of Qazlal.
   689 | D        | Found a sacrificial altar of Ru.
   690 | D        | Found a shimmering blue altar of Sif Muna.
   691 | D        | Found a bloodstained altar of Trog.
   692 | D        | Found a hide-covered altar of Uskayaw.
   693 | D        | Found a radiant altar of Vehumet.
   694 | D        | Found an ornate altar of the Wu Jian Council.
   695 | D        | Found a shimmering altar of Xom.
   696 | D        | Found a basalt altar of Yredelemnul.
   697 | D        | Found a glowing silver altar of Zin.
   698 | D        | Became a worshipper of Sif Muna the Loreminder
   699 | D        | Found a glowing golden altar of the Shining One.
   707 | D        | Found the +8 Vampire's Tooth {megavamp}
   734 | D        | Noticed a yak
   734 | D        | Noticed a centaur
   734 | D        | Noticed a vampire mosquito
   734 | D        | Noticed a vampire mosquito
   734 | D        | Noticed an orc warrior
   734 | D        | Noticed a two-headed ogre
   745 | D        | Killed an orc warrior
   746 | D        | Reached skill level 1 in Fighting
   746 | D        | Reached skill level 5 in Spellcasting
   746 | D        | Reached skill level 10 in Air Magic
   746 | D        | Reached skill level 1 in Invocations
   746 | D        | Reached XP level 6. HP: 32/35 MP: 12/14
   750 | D        | Killed a two-headed ogre
   751 | D        | Reached skill level 11 in Air Magic
   751 | D        | Reached XP level 7. HP: 16/44 MP: 10/17
   758 | D        | Killed a vampire mosquito
   758 | D        | Reached * piety under Sif Muna
   759 | D        | Reached skill level 5 in Short Blades
   759 | D        | Reached XP level 8. HP: 40/48 MP: 8/19
   764 | D        | Reached skill level 12 in Air Magic
   806 | D        | Killed a yak
   806 | D        | Reached ** piety under Sif Muna
   807 | D        | Reached skill level 5 in Fighting
  1097 | D        | Noticed a centaur warrior
  1097 | D        | Noticed a tengu conjurer
  1097 | D        | Noticed a manticore
  1097 | D        | Noticed a boulder beetle
  1097 | D        | Noticed an efreet
  1120 | D        | Killed an efreet
  1121 | D        | Reached skill level 5 in Invocations
  1142 | D        | Killed a boulder beetle
  1143 | D        | Reached XP level 9. HP: 55/55 MP: 16/21
  1155 | D        | Killed a manticore
  1155 | D        | Reached *** piety under Sif Muna
  1156 | D        | Reached skill level 13 in Air Magic
  1163 | D        | Killed a tengu conjurer
  1164 | D        | Reached skill level 10 in Conjurations
  1173 | D        | Killed a centaur warrior
  1174 | D        | Reached XP level 10. HP: 63/63 MP: 18/23
  1344 | D        | Learned a level 3 spell: Swiftness
  1347 | D        | Learned a level 2 spell: Static Discharge
  1459 | D        | Noticed a cane toad
  1459 | D        | Noticed a cane toad
  1459 | D        | Noticed a cane toad
  1474 | D        | Killed a cane toad
  1474 | D        | Reached **** piety under Sif Muna
  1475 | D        | Reached skill level 1 in Armour
  1475 | D        | Reached skill level 1 in Shields
  1485 | D        | Killed a cane toad
  1495 | D        | Killed a cane toad
  1496 | D        | Reached skill level 10 in Dodging
  1505 | D        | Reached ***** piety under Sif Muna
  1505 | D        | Received a gift from Sif Muna
  1543 | D        | Reached skill level 14 in Air Magic
  1548 | D        | Got Belattay's Collected Works on Incineration and
                  | Translocation {god gift}
  1771 | D        | Noticed a cane toad
  1774 | D        | Noticed a death yak
  1800 | D        | Received a gift from Sif Muna
  1801 | D        | Killed a cane toad
  1808 | D        | Killed a death yak
  1809 | D        | Reached XP level 11. HP: 68/68 MP: 15/25
  1811 | D        | Reached skill level 10 in Stealth
  1963 | D        | Learned a level 2 spell: Blink
  2025 | D        | Noticed a death yak
  2025 | D        | Noticed a catoblepas
  2025 | D        | Noticed a death yak
  2025 | D        | Noticed a death yak
  2027 | D        | Noticed a death yak
  2051 | D        | Killed a death yak
  2212 | D        | Learned a level 7 spell: Storm Form
  2222 | D        | Killed a death yak
  2226 | D        | Killed a catoblepas
  2226 | D        | Received a gift from Sif Muna
  2227 | D        | Reached skill level 5 in Armour
  2227 | D        | Reached skill level 1 in Translocations
  2227 | D        | Reached skill level 1 in Transmutations
  2237 | D        | Killed a death yak
  2241 | D        | Killed a death yak
  2242 | D        | Reached skill level 5 in Shields
  2243 | D        | Reached skill level 15 in Air Magic
  2260 | D        | Got Cestror's Guide on Damage and the Storm {god gift}
  2550 | D        | Noticed Gastronok
  2584 | D        | Killed Gastronok
  2585 | D        | Reached skill level 10 in Short Blades
  2630 | D        | Noticed Sonja
  2636 | D        | Noticed Maurice
  2644 | D        | Killed Sonja
  2645 | D        | Reached skill level 10 in Spellcasting
  2658 | D        | Killed Maurice
  2799 | D        | Learned a level 9 spell: Chain Lightning
  2837 | D        | Received a gift from Sif Muna
  2914 | D        | Received a gift from Sif Muna
  2939 | D        | Got Sif Muna's Folio of Assembling {god gift}
  2972 | D        | Learned a level 4 spell: Summon Lightning Spire
  2990 | D        | Reached XP level 12. HP: 76/76 MP: 21/27
  3246 | D        | Received a gift from Sif Muna
  3336 | D        | Found Ummiacaxue's General Store.
  3336 | D        | Noticed a stone giant
  3336 | D        | Noticed an ogre mage
  3344 | D        | Noticed an iron troll
  3346 | D        | Received a gift from Sif Muna
  3347 | D        | Killed an ogre mage
  3349 | D        | Killed a stone giant
  3350 | D        | Reached skill level 10 in Fighting
  3350 | D        | Reached skill level 16 in Air Magic
  3354 | D        | Killed an iron troll
  3355 | D        | Found Waeri's Antique Weapon Shop.
  3370 | D        | Found Arphimukix's Distillery.
  3370 | D        | Found Reitrimoju's Antique Weapon Shop.
  3370 | D        | Noticed an ogre mage
  3370 | D        | Noticed an ettin
  3492 | D        | Killed an ettin
  3492 | D        | Received a gift from Sif Muna
  3495 | D        | Got Sif Muna's Elucidation of Translocational Electrocution
                  | {god gift}
  3532 | D        | Got Niuxteuc's Octavo of Traumaturgy {god gift}
  3554 | D        | Killed an ogre mage
  3953 | D        | Bought a scroll of enchant armour for 75 gold pieces
  3959 | D        | Bought a potion of curing for 39 gold pieces
  3959 | D        | Bought 2 potions of magic for 208 gold pieces
  3959 | D        | Bought a potion of cancellation for 104 gold pieces
  3959 | D        | Bought a potion of curing for 39 gold pieces
  3959 | D        | Bought a potion of brilliance for 52 gold pieces
  3959 | D        | Bought a potion of curing for 39 gold pieces
  3959 | D        | Bought a potion of curing for 39 gold pieces
  3959 | D        | Bought a potion of magic for 104 gold pieces
  3961 | D        | Bought a runed long sword for 195 gold pieces
  3996 | D        | Noticed Grum
  4004 | D        | Killed Grum
  4073 | D        | Got the +6 falchion "Buoduore" {heavy, rF+ Str+2}
  4125 | D        | Noticed a centaur warrior
  4131 | D        | Killed a centaur warrior
  4132 | D        | Reached XP level 13. HP: 71/83 MP: 16/29
  4135 | D        | Noticed an ettin
  4143 | D        | Received a gift from Sif Muna
  4144 | D        | Reached skill level 10 in Invocations
  4144 | D        | Got Sif Muna's Meditations on Blasting {god gift}
  4344 | D        | Learned a level 5 spell: Arcjolt
  4458 | D        | Killed an ettin
  4479 | D        | Reached skill level 17 in Air Magic
  4482 | D        | Noticed a vampire knight
  4483 | D        | Noticed a rakshasa
  4498 | D        | Noticed a fire dragon
  4506 | D        | Killed a vampire knight
  4507 | D        | Reached skill level 15 in Conjurations
  4511 | D        | Killed a rakshasa
  4511 | D        | HP: 2/83 [fire dragon/blast of flame (37)]
  4518 | D        | Killed a fire dragon
  4544 | D        | Noticed a stone giant
  4599 | D        | Killed a stone giant
  4599 | D        | Received a gift from Sif Muna
  4600 | D        | Got Sif Muna's Papyrus of Impulse {god gift}
  4874 | D        | Learned a level 6 spell: Starburst
  4881 | D        | Learned a level 5 spell: Lightning Bolt
  4939 | D        | Noticed Donald
  4982 | D        | Mangled by Donald

Illustrated notes

Levels and vault maps discovered:
D:        linesprint [early_d, line_temple, items_1, d_10, items_2, lair_1,
          lair_end, items_3, orc_1, orc_end, items_4, d_15, swamp_1, shoals_1,
          snake_1, spider_1, d_20, vaults_1, items_5, swamp_end, shoals_end,
          snake_end, spider_end, vaults_end, d_27, items_6, zot_1, zot_end,
          crypt_end, forest_end, elf_end, slime_end, tomb_end, abyss_end,
          pan_hell_end]

Skill      XL: |  1  2  3  4  5  6  7  8  9 10 11 12 13 |
---------------+----------------------------------------+-----
Dodging        | 3 4 5 7 8 9 10 11 12 | 12.6
Air Magic      | 5 7 8 9 10 11 12 13 14 15 16 17 | 17.6
Spellcasting   | 3 4 5 6 7 8 9 10 11 | 11.9
Conjurations   | 2 3 4 7 9 10 11 13 14 15 | 15.6
Stealth        | 3 4 6 8 9 11 12 13 | 13.3
Fighting       | 1 4 6 7 8 9 10 | 10.4
Short Blades   | 2 4 5 6 7 9 10 11 | 11.4
Invocations    | 1 4 5 6 7 8 9 10 | 10.8
Armour         | 4 6 8 |  8.3
Shields        | 3 5 7 |  7.4
Translocations | 3 4 |  4.8
Transmutations | 3 4 |  4.8

Action                     |  1- 3 |  4- 6 |  7- 9 | 10-12 | 13-15 || total
---------------------------+-------+-------+-------+-------+-------++-------
  Melee: Kick              |     1 |       |    24 |   120 |    78 ||   223
         Unarmed           |     1 |       |       |    76 |       ||    77
         Quick blade       |       |     1 |    59 |   277 |   144 ||   481
         Peck              |       |       |    15 |    73 |    55 ||   143
         Punch             |       |       |     1 |     5 |       ||     6
   Cast: Shock             |    12 |     5 |    17 |    50 |     3 ||    87
         Swiftness         |       |       |       |     3 |     2 ||     5
         Storm Form        |       |       |       |     3 |       ||     3
         Summon Lightning  |       |       |       |     2 |     3 ||     5
         Blink             |       |       |       |     2 |     1 ||     3
         Chain Lightning   |       |       |       |     3 |     1 ||     4
 Invoke: Divine Exegesis   |       |       |       |     6 |     1 ||     7
         Forget Spell      |       |       |       |       |     1 ||     1
Ability: Blinkbolt         |       |       |       |     1 |       ||     1
  Evoke: Wand              |       |     6 |     3 |     1 |       ||    10
    Use: Scroll            |     1 |     1 |       |     5 |     3 ||    10
         Potion            |     1 |       |     3 |     3 |     9 ||    16
   Stab: Invisible         |       |       |    12 |       |       ||    12
         Sleeping          |       |       |       |     5 |       ||     5
         Petrified         |       |       |       |     3 |       ||     3
         Distracted        |       |       |       |     1 |       ||     1
 Armour: Robe              |       |       |     2 |     2 |       ||     4
         Ring mail         |       |       |       |     2 |       ||     2
         Steam dragon scal |       |       |       |    16 |       ||    16
         Skin              |       |       |       |     7 |       ||     7
         Troll leather arm |       |       |       |       |    13 ||    13
  Dodge: Dodged            |     6 |     4 |    32 |   155 |    22 ||   219
  Block: Buckler           |       |       |       |    18 |    12 ||    30

Table legend: (Time is in decaauts)
 A = Elapsed time spent in this place.
 B = Non-inter-level travel time spent in this place.
 C = Inter-level travel time spent in this place.
 D = Time resting spent in this place.
 E = Time spent auto-exploring this place.
 F = Levels seen in this place.
 G = Mean time per level.
                   A        B        C        D        E       F      G
               +--------+--------+--------+--------+--------+-----+--------+
         Total |   4492 |   4492 |      0 |   2635 |      0 |   1 | 4492.0 |
       Dungeon |   4492 |   4492 |      0 |   2635 |      0 |   1 | 4492.0 |
               +--------+--------+--------+--------+--------+-----+--------+

Top non-repeatable levels by time:
       D: 4492 daAuts
